 Dungeon Crawl Stone Soup version 0.31-a0-728-g01b46875f1 (webtiles) character file.

Game seed: 539782870308640947

2295 Dordric the Mimic (level 9, 0/53 HPs)
             Began as an Octopode Shapeshifter on Sept 11, 2023.
             Was an Initiate of Trog.
             Slain by a gnoll
             ... wielding a +0 spear
              (8 damage)
             ... on level 6 of the Dungeon.
             The game lasted 00:08:38 (4652 turns).

Dordric the Mimic (Octopode Shapeshifter)           Turns: 4652, Time: 00:08:39

Health: 0/53       AC:  1    Str: 20    XL:     9   Next: 40%
Magic:  9/9        EV: 13    Int: 12    God:    Trog [......]
Gold:   475        SH:  0    Dex: 15    Spells: 8/8 levels left

rFire   . .          .
                       - Unarmed
rCold   + . .        (shield currently unavailable)
rNeg    . . .        (helmet restricted)
rPois   .            m - amulet of regeneration
rElec   .            d - +6 ring of strength
rCorr   .            k - ring of protection from cold
SInv    .            (no ring)
Will    .....        (no ring)
Stlth   +            (no ring)
HPRegen 1.08/turn    (no ring)
MPRegen 0.11/turn    (no ring)
                     (no ring)

%: no passive effects
@: flux-form, glowing
A: glow, contaminating, almost no armour, amphibious, 8 rings, camouflage 1,
gelatinous body 1, (nimble swimmer 1), tentacles
a: Begin Untransformation, Renounce Religion


You were on level 6 of the Dungeon.
You worshipped Trog.
Trog was noncommittal.
You were something dangerously unstable.
You visited 2 branches of the dungeon, and saw 7 of its levels.
You also visited: Ossuary.

You collected 475 gold pieces.

Inventory:

Hand Weapons
 h - a +1 dagger of venom
Jewellery
 d - a +6 ring of strength (left tentacle)
 g - an amulet of the acrobat
 k - a ring of protection from cold (right tentacle)
 m - an amulet of regeneration (around mantle)
Talismans
 b - a beast talisman
 c - a flux talisman (active)
Wands
 x - a wand of digging (5)
 B - a wand of charming (8)
 E - a wand of flame (22)
Scrolls
 e - 4 scrolls of summoning
 i - 4 scrolls of poison
 j - a scroll of brand weapon
 l - 2 scrolls of vulnerability
 n - 2 scrolls of immolation
 r - 2 scrolls of fear
 v - 2 scrolls of enchant weapon
 y - 3 scrolls of teleportation
 C - 2 scrolls of enchant armour
Potions
 a - a potion of lignification
 f - a potion of brilliance
 o - 4 potions of heal wounds {unknown}
 p - a potion of enlightenment {unknown}
 q - 2 potions of degeneration {unknown}
 s - 3 potions of might {unknown}
 t - 2 potions of berserk rage {unknown}
 u - a potion of ambrosia {unknown}
 w - 2 potions of curing {unknown}
 z - a potion of haste {unknown}
 A - a potion of cancellation {unknown}
 D - a potion of mutation {unknown}


   Skills:
 - Level 1.0 Fighting
 - Level 2.0 Dodging
 - Level 3.0 Unarmed Combat
 + Level 11.6 Shapeshifting


You had 8 spell levels left.
You didn't know any spells.
Your spell library contained the following spells:

 Spells                   Type           Power      Damage    Failure   Level
 Blink                    Tloc           0%         N/A       45%         2
 Lesser Beckoning         Tloc           0%         N/A       45%         2
 Momentum Strike          Conj/Tloc      0%         3d8       45%         2


Dungeon Overview and Level Annotations

Branches:
Dungeon (6/15)             Temple (1/1) D:6         Ossuary (visited)

Altars:
Ashenzari
Cheibriados
Dithmenos
Elyvilon
Fedhas
Gozag
Hepliaklqana
Kikubaaqudgha
Nemelex Xobeh
Qazlal
Ru
Sif Muna
Trog
Uskayaw
Vehumet
Wu Jian
Xom
Yredelemnul
The Shining One

Annotations:
D:3 1 runed translucent door, Crazy Yiuf


Innate Abilities, Weirdness & Mutations

You are something dangerously unstable.
You glow with magical radiation, making you easy to see and hit.
Foes you strike become dangerously contaminated with magical radiation.
You are incapable of wielding weapons or throwing items.
You cannot wear most types of armour.
You are amphibious.
You can wear up to eight rings at the same time.
Your skin changes colour to match your surroundings (Stealth+).
Your rubbery body absorbs attacks. (AC +1, EV +1)
((You are camouflaged when in or above water. (Stealth+)))
You have tentacles for arms and can constrict up to eight enemies at once.


Message History

You constrict the sleepcap, but do no damage.
The gnoll closely misses you.
The gnoll hits you from afar with a +0 spear.
The sleepcap releases spores at you!
You are too injured to fight recklessly!
You are too injured to fight recklessly!
You are too injured to fight recklessly!
You are too injured to fight recklessly!
You are too injured to fight recklessly!
You are too injured to fight recklessly!
You are too injured to fight recklessly!
You are too injured to fight recklessly!
You are too injured to fight recklessly!
You are too injured to fight recklessly!
You are too injured to fight recklessly!
You are too injured to fight recklessly!
You are too injured to fight recklessly!
You are too injured to fight recklessly!
You are too injured to fight recklessly!
You are too injured to fight recklessly!
You are too injured to fight recklessly!
You are too injured to fight recklessly!
You tentacle-slap the sleepcap.
The sleepcap shudders as magic cascades through it!!!
You destroy the sleepcap!
Trog accepts your kill. The gnoll hits you with a +0 whip.
The gnoll misses you. The gnoll hits you with a +0 whip.
* * * LOW HITPOINT WARNING * * *
The gnoll barely misses you.
Things that are here:
a +0 club; a gnoll corpse You closely miss the gnoll.
You grab the gnoll. You constrict the gnoll. The gnoll barely misses you.
The gnoll closely misses you.
You tentacle-slap the gnoll.
The gnoll begins to glow.
The gnoll is heavily wounded.
You constrict the gnoll. The gnoll hits you with a +0 whip!
* * * LOW HITPOINT WARNING * * *
The gnoll hits you with a +0 spear!
You die...

........##.# #....# #.#.#
.######....####....#
######...#
.###...............#
#.......##
.......###.####.####
##.####.... ..###.##...# #..#
.#(.####.... ### #.##.#..##.##
#.........#..
#....##....#####....#######.#
..## ####..#.g.....# #.#
...####......B..)# ##.#
...>#........g...# ########..#
............##.#####.....#>...
...........##.....<..........
...........##.....†..........
..............###............
..............# #............
.............## #............
...........### #............


You could see 2 gnolls.

Vanquished Creatures
  Pikel (D:6)
  Sigmund (D:3)
  A steam dragon (D:6)
  Menkaure (D:5)
  A black bear (D:6)
  2 ice beasts
  2 elf zombies (D:4)
  A bullfrog (D:5)
  4 scorpions
  A howler monkey (D:5)
  A human zombie (D:4)
  3 hounds (D:5)
  Terence (D:3)
  2 human skeletons (D:4)
  4 sleepcaps
  2 iguanas (D:5)
  2 orc wizards
  12 mummies (Ossuary)
  7 adders
  2 gnolls (D:6)
  An ufetubus (D:5)
  3 worms
  4 dart slugs
  An orc (D:6)
  7 endoplasms
  4 giant cockroaches
  6 goblins
  3 hobgoblins
  4 jackals
  3 quokkas
  4 ball pythons
  6 bats
  5 frilled lizards
  2 gnoll skeletons (Ossuary)
  A goblin skeleton (Ossuary)
  8 kobolds
  A kobold skeleton (Ossuary)
  5 orc skeletons
  7 rats
  11 rat skeletons (Ossuary)
137 creatures vanquished.

Notes
Turn   | Place    | Note
-------+----------+-------------------------------------------
     0 | D:1      | Dordric the Octopode Shapeshifter began the quest for the
                  | Orb.
     0 | D:1      | Reached XP level 1. HP: 13/13 MP: 1/1
    80 | D:1      | Reached XP level 2. HP: 15/18 MP: 2/2
   445 | D:1      | Reached XP level 3. HP: 11/23 MP: 3/3
   555 | D:1      | Reached skill level 4 in Shapeshifting
   687 | D:1      | Found a faded altar of an unknown god.
   912 | D:2      | Found a white marble altar of Elyvilon.
  1490 | D:2      | Reached XP level 4. HP: 28/28 MP: 4/4
  1543 | D:3      | Noticed Terence
  1554 | D:3      | Killed Terence
  1555 | D:3      | Reached skill level 5 in Shapeshifting
  1576 | D:3      | Noticed Sigmund
  1581 | D:3      | Found a broken altar of Ashenzari.
  1584 | D:3      | Killed Sigmund
  1585 | D:3      | Reached skill level 6 in Shapeshifting
  1585 | D:3      | Reached XP level 5. HP: 17/33 MP: 5/5
  1585 | D:3      | Reached XP level 6. HP: 20/38 MP: 6/6
  1785 | D:3      | Saw a vision of the Shoals and the Snake Pit.
  1785 | D:3      | Noticed a black mamba
  1785 | D:3      | Noticed a black mamba
  1785 | D:3      | Noticed a merfolk aquamancer
  1785 | D:3      | Noticed a skyshark
  1785 | D:3      | Noticed a salamander
  1785 | D:3      | Noticed a manticore
  1785 | D:3      | Noticed a wind drake
  1785 | D:3      | Noticed a skyshark
  1785 | D:3      | Noticed a merfolk siren
  1785 | D:3      | Noticed a manticore
  1785 | D:3      | Noticed a mana viper
  1785 | D:3      | Noticed a manticore
  1786 | D:3      | Noticed a merfolk javelineer
  1931 | D:3      | Found a runed translucent door.
  1932 | D:3      | Noticed Crazy Yiuf
  1981 | D:3      | Found a hazy altar of Hepliaklqana.
  2312 | D:4      | Identified the +4 glaive of Dried Tears {flame, Contam
                  | Int+6}
  2397 | D:4      | Found a white marble altar of Elyvilon.
  2706 | D:4      | Reached skill level 7 in Shapeshifting
  2707 | D:4      | Found a sand-covered staircase.
  2712 | D:4      | Reached XP level 7. HP: 43/43 MP: 7/7
  2714 | Ossuary  | Entered an ossuary
  3159 | D:4      | Reached skill level 8 in Shapeshifting
  3349 | D:4      | Reached XP level 8. HP: 42/48 MP: 8/8
  3560 | D:4      | Found a shimmering blue altar of Sif Muna.
  3594 | D:5      | Entered Level 5 of the Dungeon
  3624 | D:5      | Reached skill level 9 in Shapeshifting
  3692 | D:5      | Noticed Menkaure
  3698 | D:5      | Killed Menkaure
  4001 | D:5      | Reached skill level 10 in Shapeshifting
  4184 | D:5      | Reached XP level 9. HP: 48/53 MP: 9/9
  4284 | D:6      | Noticed Pikel
  4321 | D:6      | Killed Pikel
  4322 | D:6      | Reached skill level 11 in Shapeshifting
  4399 | D:6      | Found a staircase to the Ecumenical Temple.
  4410 | Temple   | Entered the Ecumenical Temple
  4427 | Temple   | Became a worshipper of Trog the Wrathful
  4652 | D:6      | Slain by a gnoll

Illustrated notes

Levels and vault maps discovered:
D:1:      dpeg_arrival_rhombus, layout_basic, basic_ecumenical_altar,
          roderic_st_hans_cross, reono_crystal_passage
D:2:      layout_loops_ring, basic_altar, kennysheep_generic_room_7
D:3:      layout_rooms, grunt_ashenzari_visionary
          [grunt_ashenzari_visionary_shoals, grunt_ashenzari_visionary_snake],
          lemuel_round_altar, serial_glass, glass_columns_b, glass_columns_b,
          minmay_strange_pillars, due_unseen_surprise, uniq_sigmund,
          uniq_terence, uniq_crazy_yiuf_cottage
D:4:      layout_basic, lemuel_doored_altar, nicolae_elyvilon_temple_path,
          nicolae_ossuary_entry_catacombs
D:5:      layout_gridville, uniq_menkaure
D:6:      layout_rooms, minmay_temple_entry_grid, uniq_pikel
Temple:   eino_wide_crystal_templ

Skill      XL: |  1  2  3  4  5  6  7  8  9 |
---------------+----------------------------+-----
Shapeshifting  | 4 6 7 8 10 11 | 11.6
Fighting       | |  1.0
Dodging        | |  2.0
Unarmed Combat | |  3.0

Action                     |  1- 3 |  4- 6 |  7- 9 || total
---------------------------+-------+-------+-------++-------
  Melee: Unarmed           |    57 |    28 |   197 ||   282
         Constrict         |    24 |    21 |    60 ||   105
         Tentacles         |     9 |    21 |    51 ||    81
         Punch             |     2 |       |       ||     2
         Dagger            |    14 |    49 |       ||    63
    Use: Scroll            |     3 |     5 |     3 ||    11
   Stab: Sleeping          |     6 |     5 |     1 ||    12
 Armour: Skin              |    21 |    29 |    90 ||   140
  Dodge: Dodged            |    53 |    32 |   100 ||   185
   Form: Flux              |     1 |     1 |       ||     2
         Beast             |     1 |       |       ||     1

Table legend: (Time is in decaauts)
 A = Elapsed time spent in this place.
 B = Non-inter-level travel time spent in this place.
 C = Inter-level travel time spent in this place.
 D = Time resting spent in this place.
 E = Time spent auto-exploring this place.
 F = Levels seen in this place.
 G = Mean time per level.
                   A        B        C        D        E       F      G
               +--------+--------+--------+--------+--------+-----+--------+
         Total |   4638 |   4435 |    203 |    273 |   2925 |   8 |  579.8 |
       Dungeon |   4073 |   3897 |    176 |    173 |   2677 |   6 |  678.8 |
        Temple |    141 |    114 |     27 |    100 |      0 |   1 |  141.0 |
       Ossuary |    423 |    423 |      0 |      0 |    248 |   1 |  423.0 |
               +--------+--------+--------+--------+--------+-----+--------+

Top non-repeatable levels by time:
     D:4: 1001 daAuts
     D:1: 874 daAuts
     D:2: 664 daAuts
     D:3: 636 daAuts
     D:5: 496 daAuts
 Ossuary: 423 daAuts
     D:6: 400 daAuts
  Temple: 141 daAuts
